 Dungeon Crawl Stone Soup version 0.28.0 (webtiles) character file.

Game seed: 10032138013265261687

20 psuckher the Covert (level 2, 0/16 HPs)
             Began as a Spriggan Delver on Feb 16, 2022.
             Slain by a gnoll (8 damage)
             ... on level 5 of the Dungeon.
             The game lasted 00:01:07 (87 turns).

psuckher the Covert (Spriggan Delver)                 Turns: 87, Time: 00:01:07

Health: 0/16       AC:  2    Str:  8    XL:     2   Next: 58%
Magic:  3/3        EV: 17    Int: 11    God:
Gold:   0          SH:  0    Dex: 16    Spells: 1/1 levels left

rFire   . . .      SeeInvis +   a - +0 short sword
rCold   . . .      Faith    .   (no shield)
rNeg    . . .      Spirit   .   b - +0 robe
rPois   .          Reflect  .   (helmet restricted)
rElec   .          Harm     .   (no cloak)
rCorr   .          Rampage  .   (gloves unavailable)
Will    .....                   (boots unavailable)
Stlth   ++++......              (no amulet)
HPRegen 0.05/turn               (no ring)
MPRegen 0.08/turn               (no ring)

@: very quick
A: very small, no large weapons, unfitting armour, see invisible, speed 3
a: no special abilities


You were on level 5 of the Dungeon.
You visited 1 branch of the dungeon, and saw 1 of its levels.

Inventory:

Hand Weapons
 a - a +0 short sword (weapon)
Armour
 b - a +0 robe (worn)
Wands
 g - a wand of digging (3)
 k - a wand of flame (5)
Scrolls
 c - a scroll of fog
 d - a scroll of magic mapping
 e - a scroll of fear
 h - a scroll of vulnerability {unknown}
Potions
 f - a potion of haste
 i - a potion of curing {unknown}
 j - a potion of attraction {unknown}


   Skills:
 + Level 2.5 Fighting
 + Level 2.2 Short Blades
 + Level 2.8 Dodging
 + Level 8.1 Stealth
 + Level 0.4 Evocations


You had one spell level left.
You didn't know any spells.
Your spell library was empty.

Dungeon Overview and Level Annotations

Branches:
Dungeon (5/15)
 Temple: D:4-7

Altars:


Innate Abilities, Weirdness & Mutations

You are very small and have problems with some larger weapons.
You are too small for most types of armour.
You have supernaturally acute eyesight. (SInv)
You cover ground extremely quickly. (Speed+++)


Message History

The puff of flame hits the gnoll.
You kill the gnoll!
The gnoll misses you.
You have reached level 2!
Aiming: Throw Flame
Press: ? - help, Shift-Dir - straight line, f - gnoll
Aim: a gnoll, wielding a +0 halberd (moderately wounded, 72% to hit)
The puff of flame hits the gnoll.
The gnoll is severely wounded.
The gnoll closely misses you.
Aiming: Throw Flame
Press: ? - help, Shift-Dir - straight line, f/p - gnoll
Aim: a gnoll, wielding a +0 halberd (severely wounded, 72% to hit)
The puff of flame hits the gnoll.
The gnoll is almost dead.
The gnoll hits you from afar with a +0 halberd!
Ouch! That really hurt!
Aiming: Throw Flame
Press: ? - help, Shift-Dir - straight line, f/p - gnoll
Aim: a gnoll, wielding a +0 halberd (almost dead, 72% to hit)
The puff of flame hits the gnoll.
You kill the gnoll!
The gnoll barely misses you.
Your Stealth skill increases to level 8!
The gnoll completely misses you.
You hit the gnoll but do no damage. The gnoll barely misses you.
You hit the gnoll.
The gnoll is lightly wounded.
The gnoll closely misses you.
You hit the gnoll but do no damage.
The gnoll is lightly wounded.
The gnoll completely misses you.
You hit the gnoll.
The gnoll is moderately wounded.
The gnoll closely misses you.
You barely miss the gnoll.
The gnoll is moderately wounded.
The gnoll hits you with a +0 halberd!
Ouch! That really hurt!
You die...

###############
..............#
........$.....#
.....(.....)...#
..g........g@..#
..........####.......
..........# .......
..........# .......
..........# .......
..........# .......
###....### ######.
#....# #....#


You could see a gnoll.

Vanquished Creatures
  2 gnolls (D:5)
2 creatures vanquished.

Notes
Turn   | Place    | Note
-------+----------+-------------------------------------------
     0 | D:5      | psuckher the Spriggan Delver began the quest for the Orb.
     0 | D:5      | Reached XP level 1. HP: 11/11 MP: 2/2
     6 | D:5      | Noticed an iguana
    79 | D:5      | Reached XP level 2. HP: 16/16 MP: 3/3
    82 | D:5      | Reached skill level 8 in Stealth
    87 | D:5      | Slain by a gnoll

Illustrated notes

Levels and vault maps discovered:
D:5:      layout_gridville, st_stairs_14

Skill      XL: |  1  2 |
---------------+-------+-----
Stealth        | 8 |  8.1
Fighting       | |  2.5
Short Blades   | |  2.2
Dodging        | |  2.8
Evocations     | |  0.4

Action                   || total
-------------------------++-------
Melee: Short sword       ||     5
Evoke: Wand              ||     8
Dodge: Dodged            ||    10
